[ AOE2 MATCH · #483587469 ]
UnrankedWei vs None
Rival team · WIN
[ REPLAY ANALYSIS · EXTRACTED FROM THE RECORDED GAME ]
Feudal
8:51
Castle
18:10
Imperial
37:06
| APM avg | 67.1 |
| APM peak | 96 |
| eAPM avg | 31.9 |
| Villagers / military | 152 / 111 |
Focus
⚔️ 44.4% · 🌾 55.6%
Unknown (1952) ×94 · Scout Cavalry ×68 · Skirmisher ×38 · Unknown (1944) ×15 · Unknown (1949) ×9 · Unknown (1942) ×5
Feudal
8:53
Castle
19:47
Imperial
35:21
| APM avg | 61.3 |
| APM peak | 90 |
| eAPM avg | 38.1 |
| Villagers / military | 214 / 307 |
Focus
⚔️ 59.5% · 🌾 40.5%
Spearman ×99 · Skirmisher ×83 · Composite Bowman ×60 · Archer ×31 · Battering Ram ×16 · Monk ×5
Match map
Initial resources + every placement click. Lines = walls · curves = elevation contours. ◆ gold · ⬟ stone · ● berries · ✦ relic · ◌ wall gap
Your base· Open — opponent sealed themselves in
爱雀大帝's base· ✓ Closed at 19:47 · 35t walls · 1 gate(s)
Smoothed initial terrain · ◌ = detected wall gap · hover for details
Inputs per minute
— 奶糖美少女 - - 爱雀大帝
Build order — 奶糖美少女
First 150 of 626 actions detected
| 0:00 | Create | Villager (Male) |
| 0:01 | Build | House |
| 0:03 | Build | House |
| 0:10 | Create | Villager (Male) |
| 0:14 | Create | Villager (Male) |
| 0:15 | Create | Villager (Male) |
| 1:28 | Create | Villager (Male) |
| 1:28 | Create | Villager (Male) |
| 1:41 | Create | Villager (Male) |
| 1:41 | Create | Villager (Male) |
| 1:43 | Build | Lumber Camp |
| 2:17 | Create | Villager (Male) |
| 2:30 | Create | Villager (Male) |
| 2:56 | Create | Villager (Male) |
| 2:56 | Create | Villager (Male) |
| 3:16 | Create | Villager (Male) |
| 3:41 | Build | House |
| 3:43 | Create | Villager (Male) |
| 4:00 | Create | Villager (Male) |
| 4:28 | Build | Mill |
| 4:36 | Create | Villager (Male) |
| 5:19 | Create | Villager (Male) |
| 5:44 | Create | Villager (Male) |
| 5:54 | Research | Loom |
| 6:18 | Research | Feudal Age |
| 6:18 | Research | Feudal Age |
| 7:15 | Build | Barracks |
| 7:16 | Build | House |
| 7:18 | Build | Palisade Wall |
| 7:19 | Build | Palisade Wall |
| 7:19 | Build | Palisade Wall |
| 8:33 | Create | Villager (Male) |
| 8:34 | Create | Villager (Male) |
| 8:51 | Age | Feudal Age |
| 8:54 | Build | Stable |
| 8:58 | Research | Double-Bit Axe |
| 9:12 | Research | Horse Collar |
| 9:13 | Create | Villager (Male) |
| 9:19 | Build | House |
| 9:20 | Create | Spearman |
| 9:40 | Create | Scout Cavalry |
| 9:40 | Create | Scout Cavalry |
| 9:48 | Build | Farm |
| 9:51 | Build | House |
| 10:09 | Create | Villager (Male) |
| 10:20 | Create | Villager (Male) |
| 10:23 | Create | Scout Cavalry |
| 10:23 | Create | Scout Cavalry |
| 10:26 | Build | House |
| 10:29 | Build | Farm |
| 10:32 | Build | Farm |
| 10:45 | Create | Villager (Male) |
| 10:48 | Build | Farm |
| 10:55 | Build | House |
| 10:56 | Build | Palisade Wall |
| 10:57 | Build | Palisade Wall |
| 10:58 | Build | Palisade Wall |
| 10:59 | Build | Palisade Wall |
| 11:09 | Build | Farm |
| 11:20 | Create | Villager (Male) |
| 11:30 | Build | Mining Camp |
| 11:37 | Create | Villager (Male) |
| 11:49 | Create | Villager (Male) |
| 12:06 | Create | Villager (Male) |
| 12:16 | Create | Villager (Male) |
| 12:20 | Build | Archery Range |
| 12:22 | Create | Villager (Male) |
| 12:43 | Build | Farm |
| 12:53 | Build | Farm |
| 12:58 | Create | Villager (Male) |
| 13:12 | Build | House |
| 13:17 | Build | Farm |
| 13:18 | Create | Villager (Male) |
| 13:31 | Build | House |
| 13:47 | Build | House |
| 14:01 | Build | Farm |
| 14:06 | Build | Farm |
| 14:09 | Build | Farm |
| 14:14 | Build | Farm |
| 14:21 | Create | Skirmisher |
| 14:21 | Create | Skirmisher |
| 14:23 | Build | House |
| 14:38 | Build | House |
| 14:39 | Build | Palisade Wall |
| 14:39 | Build | Palisade Wall |
| 14:40 | Build | Palisade Wall |
| 14:42 | Create | Villager (Male) |
| 14:47 | Build | House |
| 14:50 | Build | Farm |
| 14:55 | Build | House |
| 15:24 | Build | Lumber Camp |
| 15:30 | Research | Castle Age |
| 15:41 | Build | House |
| 15:43 | Create | Skirmisher |
| 15:43 | Create | Skirmisher |
| 15:54 | Build | House |
| 16:15 | Create | Skirmisher |
| 16:18 | Build | Blacksmith |
| 16:45 | Create | Skirmisher |
| 16:45 | Create | Skirmisher |
| 17:00 | Research | Fletching |
| 17:00 | Research | Fletching |
| 17:01 | Research | Padded Archer Armor |
| 17:01 | Research | Padded Archer Armor |
| 17:06 | Build | House |
| 17:07 | Create | Villager (Male) |
| 17:13 | Create | Skirmisher |
| 17:42 | Build | House |
| 17:49 | Create | Skirmisher |
| 17:50 | Create | Villager (Male) |
| 17:56 | Build | House |
| 18:08 | Create | Skirmisher |
| 18:08 | Create | Villager (Male) |
| 18:10 | Age | Castle Age |
| 18:12 | Research | Bodkin Arrow |
| 18:13 | Research | Bodkin Arrow |
| 18:16 | Build | House |
| 18:17 | Build | House |
| 18:27 | Create | Villager (Male) |
| 18:50 | Create | Villager (Male) |
| 19:09 | Build | Town Center |
| 19:13 | Create | Skirmisher |
| 19:14 | Create | Skirmisher |
| 19:15 | Create | Villager (Male) |
| 19:19 | Build | House |
| 19:20 | Build | House |
| 19:20 | Build | House |
| 19:31 | Create | Villager (Male) |
| 19:32 | Research | Gold Mining |
| 20:03 | Create | Villager (Male) |
| 20:27 | Create | Villager (Male) |
| 20:29 | Research | Leather Archer Armor |
| 20:33 | Research | Leather Archer Armor |
| 20:38 | Research | Elite Skirmisher (upgrade) |
| 20:40 | Create | Villager (Male) |
| 20:40 | Create | Villager (Male) |
| 20:53 | Create | Villager (Male) |
| 20:53 | Create | Villager (Male) |
| 21:02 | Create | Villager (Male) |
| 21:05 | Research | Leather Archer Armor |
| 21:06 | Research | Leather Archer Armor |
| 21:06 | Create | Villager (Male) |
| 21:11 | Build | Archery Range |
| 21:17 | Build | Farm |
| 21:19 | Build | House |
| 21:20 | Build | House |
| 21:27 | Create | Villager (Male) |
| 21:27 | Create | Villager (Male) |
| 21:27 | Create | Villager (Male) |
| 21:29 | Create | Skirmisher |
Build order — 爱雀大帝
First 150 of 738 actions detected
| 0:00 | Create | Villager (Male) |
| 0:00 | Create | Villager (Male) |
| 0:00 | Create | Villager (Male) |
| 0:01 | Build | House |
| 0:03 | Build | House |
| 0:07 | Create | Villager (Male) |
| 1:25 | Create | Villager (Male) |
| 1:55 | Build | Mule Cart |
| 2:02 | Create | Villager (Male) |
| 2:21 | Create | Villager (Male) |
| 2:36 | Create | Villager (Male) |
| 3:23 | Create | Villager (Male) |
| 3:23 | Create | Villager (Male) |
| 3:31 | Create | Villager (Male) |
| 3:36 | Build | House |
| 3:46 | Create | Villager (Male) |
| 4:14 | Build | Mill |
| 4:16 | Create | Villager (Male) |
| 4:23 | Create | Villager (Male) |
| 4:48 | Create | Villager (Male) |
| 5:30 | Build | House |
| 6:05 | Research | Loom |
| 6:42 | Research | Feudal Age |
| 8:00 | Create | Villager (Male) |
| 8:00 | Create | Villager (Male) |
| 8:05 | Build | Barracks |
| 8:36 | Build | Mule Cart |
| 8:53 | Age | Feudal Age |
| 9:03 | Research | Double-Bit Axe |
| 9:07 | Create | Spearman |
| 9:12 | Create | Villager (Male) |
| 9:23 | Build | Archery Range |
| 9:42 | Build | Palisade Wall |
| 9:46 | Create | Villager (Male) |
| 10:12 | Build | Palisade Gate |
| 10:23 | Build | House |
| 10:23 | Create | Archer |
| 10:27 | Build | Farm |
| 10:29 | Create | Villager (Male) |
| 10:29 | Create | Villager (Male) |
| 10:31 | Create | Villager (Male) |
| 10:33 | Build | Farm |
| 10:44 | Create | Villager (Male) |
| 10:44 | Create | Villager (Male) |
| 10:47 | Build | House |
| 10:49 | Build | Palisade Wall |
| 10:52 | Build | House |
| 10:53 | Build | Palisade Wall |
| 10:59 | Build | House |
| 11:01 | Build | Palisade Wall |
| 11:02 | Create | Archer |
| 11:04 | Create | Villager (Male) |
| 11:12 | Build | Farm |
| 11:21 | Create | Villager (Male) |
| 11:34 | Build | Farm |
| 11:36 | Create | Villager (Male) |
| 11:46 | Create | Archer |
| 11:53 | Create | Villager (Male) |
| 11:53 | Create | Villager (Male) |
| 11:57 | Build | House |
| 12:06 | Create | Villager (Male) |
| 12:06 | Create | Villager (Male) |
| 12:14 | Create | Archer |
| 12:28 | Create | Villager (Male) |
| 12:30 | Build | Farm |
| 12:34 | Build | House |
| 12:37 | Build | Palisade Wall |
| 12:41 | Build | House |
| 12:54 | Create | Villager (Male) |
| 12:57 | Create | Archer |
| 12:58 | Create | Villager (Male) |
| 13:23 | Build | Farm |
| 13:24 | Create | Villager (Male) |
| 13:26 | Create | Archer |
| 13:46 | Build | Blacksmith |
| 13:59 | Create | Villager (Male) |
| 14:07 | Create | Archer |
| 14:09 | Create | Villager (Male) |
| 14:25 | Build | Palisade Wall |
| 14:37 | Create | Archer |
| 14:41 | Build | Farm |
| 14:45 | Create | Villager (Male) |
| 14:51 | Build | Farm |
| 14:51 | Create | Archer |
| 15:16 | Research | Fletching |
| 15:23 | Create | Villager (Male) |
| 15:25 | Build | Farm |
| 15:35 | Create | Villager (Male) |
| 15:48 | Build | Farm |
| 15:53 | Build | Farm |
| 15:57 | Create | Archer |
| 16:51 | Create | Archer |
| 17:02 | Build | Mule Cart |
| 17:05 | Research | Castle Age |
| 17:12 | Research | Horse Collar |
| 17:13 | Research | Gold Mining |
| 17:19 | Build | Archery Range |
| 17:23 | Build | Farm |
| 17:30 | Create | Archer |
| 18:02 | Create | Archer |
| 18:03 | Create | Archer |
| 18:16 | Build | Farm |
| 18:22 | Create | Archer |
| 18:26 | Create | Archer |
| 18:30 | Build | Palisade Wall |
| 18:51 | Create | Archer |
| 18:51 | Create | Archer |
| 18:59 | Build | Stable |
| 19:08 | Create | Villager (Male) |
| 19:21 | Create | Archer |
| 19:34 | Research | Scale Barding Armor |
| 19:47 | Age | Castle Age |
| 19:50 | Build | University |
| 19:51 | Research | Bodkin Arrow |
| 19:53 | Research | Crossbowman (upgrade) |
| 20:03 | Create | Villager (Male) |
| 20:07 | Build | House |
| 20:13 | Create | Knight |
| 20:23 | Create | Villager (Male) |
| 20:37 | Create | Knight |
| 20:44 | Create | Villager (Male) |
| 20:53 | Build | Farm |
| 20:54 | Create | Villager (Male) |
| 20:56 | Build | Town Center |
| 21:10 | Build | House |
| 21:12 | Build | House |
| 21:19 | Create | Villager (Male) |
| 21:36 | Create | Knight |
| 21:36 | Create | Knight |
| 21:41 | Create | Villager (Male) |
| 21:45 | Build | Mule Cart |
| 21:51 | Create | Villager (Male) |
| 22:07 | Build | Town Center |
| 22:14 | Create | Villager (Male) |
| 22:14 | Create | Villager (Male) |
| 22:28 | Create | Villager (Male) |
| 22:47 | Research | Ballistics |
| 22:51 | Create | Knight |
| 22:54 | Create | Villager (Male) |
| 22:57 | Create | Archer |
| 22:58 | Create | Archer |
| 23:09 | Create | Villager (Male) |
| 23:09 | Create | Villager (Male) |
| 23:21 | Create | Villager (Male) |
| 23:28 | Build | Monastery |
| 23:36 | Create | Villager (Male) |
| 23:37 | Build | Farm |
| 23:40 | Build | Farm |
| 23:42 | Build | Farm |
| 23:50 | Create | Archer |
Match timeline
| 7:15 | 奶糖美少女 · first_building Barracks |
| 7:18 | 奶糖美少女 · wall_segment Palisade Wall x1 |
| 7:19 | 奶糖美少女 · wall_segment Palisade Wall x1 |
| 7:19 | 奶糖美少女 · wall_segment Palisade Wall x1 |
| 8:05 | 爱雀大帝 · first_building Barracks |
| 8:51 | 奶糖美少女 · age_up feudal |
| 8:53 | 爱雀大帝 · age_up feudal |
| 8:54 | 奶糖美少女 · first_building Stable |
| 9:23 | 爱雀大帝 · first_building Archery Range |
| 9:42 | 爱雀大帝 · wall_segment Palisade Wall x10 |
| 10:49 | 爱雀大帝 · wall_segment Palisade Wall x4 |
| 10:53 | 爱雀大帝 · wall_segment Palisade Wall x1 |
| 10:56 | 奶糖美少女 · wall_segment Palisade Wall x1 |
| 10:57 | 奶糖美少女 · wall_segment Palisade Wall x1 |
| 10:58 | 奶糖美少女 · wall_segment Palisade Wall x1 |
| 10:59 | 奶糖美少女 · wall_segment Palisade Wall x1 |
| 11:01 | 爱雀大帝 · wall_segment Palisade Wall x10 |
| 12:20 | 奶糖美少女 · first_building Archery Range |
| 12:37 | 爱雀大帝 · wall_segment Palisade Wall x8 |
| 14:25 | 爱雀大帝 · wall_segment Palisade Wall x1 |
| 14:39 | 奶糖美少女 · wall_segment Palisade Wall x1 |
| 14:39 | 奶糖美少女 · wall_segment Palisade Wall x1 |
| 14:40 | 奶糖美少女 · wall_segment Palisade Wall x1 |
| 18:10 | 奶糖美少女 · age_up castle |
| 18:30 | 爱雀大帝 · wall_segment Palisade Wall x1 |
| 18:59 | 爱雀大帝 · first_building Stable |
| 19:47 | 爱雀大帝 · age_up castle |
| 22:12 | 奶糖美少女 · first_building Monastery |
| 23:28 | 爱雀大帝 · first_building Monastery |
| 28:12 | 爱雀大帝 · first_building Siege Workshop |
| 28:31 | 爱雀大帝 · first_market_buy 100 food |
| 28:42 | 奶糖美少女 · first_building Castle |
| 33:34 | 奶糖美少女 · first_market_buy 100 food |
| 34:22 | 爱雀大帝 · first_building Castle |
| 34:52 | 奶糖美少女 · first_building Siege Workshop |
| 35:21 | 爱雀大帝 · age_up imperial |
| 37:06 | 奶糖美少女 · age_up imperial |
| 38:21 | 奶糖美少女 · first_market_sell 100 food |
| 40:14 | 爱雀大帝 · first_market_sell 500 wood |
| 50:50 | 奶糖美少女 · resign |
[ AI ANALYSIS · 1 CREDIT ]
What really happened in this match?
Wolo.gg analyzes every decision: build order, eco, micro, common mistakes by bracket. Personalized analysis on WhatsApp or Discord in 30 seconds.
Civ guide
Wei
Perfil
黄片店店长妲妲鸭